 Dungeon Crawl Stone Soup version 0.25-a0-365-g7600c65aa0 (webtiles) character file.

Game seed: 2491250817897605136, levelgen mode: deterministic

129 kipponium the Chopper (level 5, -3/45 HPs)
             Began as a Naga Warper on Jan 5, 2020.
             Shot with a stone by a goblin (5 damage)
             ... on level 3 of the Dungeon.
             The game lasted 00:06:41 (1875 turns).

kipponium the Chopper (Naga Warper)                 Turns: 1875, Time: 00:06:41

Health: -3/45      AC:  4    Str: 14    XL:     5   Next: 12%
Magic:  8/8        EV:  9    Int: 14    God:
Gold:   64         SH:  0    Dex: 10    Spells: 8/8 levels left

rFire    . . .     SeeInvis +   a - +1 hand axe
rCold    . . .     Gourm    .   (no shield)
rNeg     . . .     Faith    .   b - +0 leather armour
rPois    +         Spirit   .   (no helmet)
rElec    .         Reflect  .   (no cloak)
rCorr    .         Harm     .   r - +0 pair of gloves
MR       .....                  (no barding)
Stlth    +.........             (no amulet)
HPRegen  0.15/turn              (no ring)
MPRegen  0.11/turn              (no ring)

@: short of breath, very slow
A: large, see invisible, deformed body, poison resistance, slowness 2, slow
metabolism 1, spit poison 1, AC +1
a: Spit Poison


You were on level 3 of the Dungeon.
You were hungry.

You visited 1 branch of the dungeon, and saw 3 of its levels.

You collected 64 gold pieces.

Inventory:

Hand Weapons
 a - a +1 hand axe (weapon)
Missiles
 e - 5 boomerangs of dispersal
 l - 10 poisoned darts (quivered)
 q - 2 boomerangs
Armour
 b - a +0 leather armour (worn)
 r - a +0 pair of gloves (worn)
Scrolls
 c - 3 scrolls of remove curse
 d - a scroll of blinking
 m - a scroll of amnesia
 n - 2 scrolls of identify
Comestibles
 f - 7 rations
 h - a chunk of flesh


   Skills:
 - Level 2.1 Fighting
 + Level 5.0 Axes
 - Level 0.8 Throwing
 - Level 0.7 Armour
 - Level 1.7 Dodging
 - Level 2.0 Spellcasting
   Level 3.0 Translocations


You had 8 spell levels left.
You didn't know any spells.
Your spell library contained the following spells:

 Spells                   Type           Power        Failure   Level  Hunger
 Blink                    Tloc           N/A          13%         2    ###....
 Shroud of Golubria       Chrm/Tloc      #.....       24%         2    ###....
 Gell's Gravitas          Tloc           #.........   26%         3    ####...
 Lesser Beckoning         Tloc           #.........   26%         3    ####...
 Teleport Other           Tloc           #.......     26%         3    ####...
 Passage of Golubria      Tloc           N/A          65%         4    #####..


Dungeon Overview and Level Annotations

Branches:
Dungeon (3/15)

Altars:
Uskayaw

Portals:
Sewer: D:3

Annotations:
D:1 runed gloves


Innate Abilities, Weirdness & Mutations

You cannot wear boots.
Your serpentine skin is tough. (AC +1)
You have supernaturally acute eyesight. (SInv)
Armour fits poorly on your strangely shaped body.
Your system is resistant to poisons. (rPois)
You cover ground very slowly.
You have a slow metabolism.
You can spit poison.


Message History

You closely miss the adder.
The adder is almost dead.
The adder barely misses you.
The goblin shoots a stone.
The stone hits you.
* * * LOW HITPOINT WARNING * * *
You miss the adder.
The adder is almost dead.
The adder misses you.
The goblin shoots a stone.
The stone closely misses you.
You closely miss the adder.
The adder is almost dead.
The adder bites you but does no damage. x2; The goblin shoots a stone.
The stone closely misses you.
You closely miss the adder.
The adder is almost dead.
The adder barely misses you.
The goblin shoots a stone.
The stone hits you.
* * * LOW HITPOINT WARNING * * *
You hit the adder.
You kill the adder!
Your Axes skill increases to level 5!
The goblin shoots a stone.
The stone hits you.
You die...

*,*,,,,,,,* *,#.#####.#
*,#.#≈≈≈#.# *,#.#≈≈≈#.#
*,#.#≈∩≈#.# ## **** *,#.#≈≈≈#.#
#. ,,,********,#.#≈≈≈#.# #.
,,,,,,,,,,,,#.##'##.# #.
,,,,,,,,,,,,#..†@...# #.
,,,,,,,,,...........############.
,,,,,,,,,.........)..).......>.[.
,,,,,,,,,...##..################.
,,,,,,,,,..,*#.#* #......†
,,,,,,,,,.,,#..* *******#.#####.
,,,,,,,,,,,...#* *,,>,,,........
,,,,,,,,,,,g##* *******..######
**,,,,****,,,**********,,,** #...


You could see a goblin.

Vanquished Creatures
  An orc priest (D:3)
  4 adders
  An ooze (D:2)
  A worm (D:3)
  10 orcs
  3 bats
  4 giant cockroaches
  3 goblins
  7 hobgoblins
  2 jackals (D:1)
  A ball python (D:2)
  5 frilled lizards
  A kobold (D:1)
  6 rats
49 creatures vanquished.

Notes
Turn   | Place    | Note
-------+----------+-------------------------------------------
     0 | D:1      | kipponium the Naga Warper began the quest for the Orb.
     0 | D:1      | Reached XP level 1. HP: 19/19 MP: 3/3
   165 | D:1      | Reached XP level 2. HP: 26/26 MP: 5/5
   740 | D:2      | Reached skill level 3 in Axes
   740 | D:2      | Reached XP level 3. HP: 32/32 MP: 6/6
  1470 | D:2      | Reached skill level 4 in Axes
  1470 | D:2      | Reached XP level 4. HP: 11/39 MP: 7/7
  1764 | D:3      | Found a hide-covered altar of Uskayaw.
  1850 | D:3      | Found a glowing drain.
  1869 | D:3      | Reached XP level 5. HP: 3/45 MP: 8/8
  1874 | D:3      | HP: 2/45 [goblin/stone (1)]
  1875 | D:3      | Reached skill level 5 in Axes
  1875 | D:3      | Shot with a stone by a goblin

Levels and vault maps discovered:
D:1:      scummos_arrival_hexagon, layout_basic, grunt_decor_arrowhead,
          corexii_item_surrounded_by_moat
D:2:      layout_basic
D:3:      layout_rooms, lemuel_doored_altar, first_ration,
          gup_sewer_entry_glass, minmay_misc_feat_plants

Skill      XL: |  1  2  3  4  5 |
---------------+----------------+-----
Axes           | 3 4 5 |  5.0
Fighting       | |  2.1
Throwing       | |  0.8
Armour         | |  0.7
Dodging        | |  1.7
Spellcasting   | |  2.0
Translocations | |  3.0

Action                   |  1- 3 |  4- 6 || total
-------------------------+-------+-------++-------
Melee: Hand axe          |    46 |    37 ||    83
Throw: Dart              |     3 |       ||     3
 Abil: Spit Poison       |    38 |     9 ||    47
  Use: Potion            |     3 |       ||     3
       Scroll            |       |     5 ||     5
  Eat: Chunk             |     3 |     1 ||     4
Armor: Leather armour    |    13 |    16 ||    29
Dodge: Dodged            |    44 |    37 ||    81

Table legend:
 A = Non-vault XP
 B = Vault XP
 C = Vault XP percentage of total XP
 D = Non-vault monster count
 E = Vault monster count
 F = Vault count percentage of total count
                 A         B        C        D         E       F
            +---------+---------+-------+---------+---------+-------
      Total |     144 |      41 |  22.2 |      45 |       4 |   8.2
            +---------+---------+-------+---------+---------+-------
        D:1 |      27 |       0 |   0.0 |      16 |       0 |   0.0
        D:2 |      51 |       0 |   0.0 |      16 |       0 |   0.0
        D:3 |      66 |      41 |  38.3 |      13 |       4 |  23.5
            +---------+---------+-------+---------+---------+-------
